 Dungeon Crawl Stone Soup version 0.29-a0-243-g602b31c20e (webtiles) character file.

Game seed: 13238713757269771317

485 YayAnonymity the Ruffian (level 6, -5/61 HPs)
             Began as a Troll Berserker on Mar 5, 2022.
             Was a Priest of Trog.
             Slain by a two-headed ogre
             ... wielding a +0 giant club
              (13 damage)
             ... on level 5 of the Dungeon.
             The game lasted 00:05:47 (3023 turns).

YayAnonymity the Ruffian (Troll Berserker)          Turns: 3023, Time: 00:05:47

Health: -5/61      AC: -12   Str: 26    XL:     6   Next: 88%
Magic:  5/5        EV: 10    Int:  3    God:    Trog [***...]
Gold:   161        SH:  0    Dex: 11    Spells: 5/5 levels left

rFire   + . .      SeeInvis .     - Unarmed
rCold   . . .      Faith    .   (no shield)
rNeg    . . .      Spirit   .   a - +0 animal skin
rPois   .          Reflect  .   (helmet restricted)
rElec   .          Harm     .   (no cloak)
rCorr   .          Rampage  .   (gloves unavailable)
Will    .....                   (boots unavailable)
Stlth   +.........              n - amulet of regeneration
HPRegen 1.80/turn               g - ring of protection from fire
MPRegen 0.09/turn               (no ring)

@: lethally poisoned (-5 -> -6), corroded, on berserk cooldown, slowed, very
slow
A: large, unfitting armour, claws 3, regeneration 1, shaggy fur 1, tough skin 1
a: Renounce Religion, Berserk, Trog's Hand


You were on level 5 of the Dungeon.
You worshipped Trog.
Trog was most pleased with you.
You visited 2 branches of the dungeon, and saw 6 of its levels.

You collected 161 gold pieces.

Inventory:

Hand Weapons
 b - a +2 whip of freezing
Missiles
 c - 10 boomerangs (quivered)
Armour
 a - a +0 animal skin (worn)
Jewellery
 g - a ring of protection from fire (left claw)
 n - an amulet of regeneration (around neck)
Wands
 p - a wand of flame (19)
Scrolls
 d - a scroll of fog
 e - a scroll of teleportation
 f - a scroll of noise {unknown}
 k - a scroll of enchant armour {unknown}
 q - a scroll of fear {unknown}
 r - a scroll of silence {unknown}
 t - a scroll of torment {unknown}
Potions
 h - a potion of attraction {unknown}
 i - 2 potions of heal wounds
 j - a potion of curing {unknown}
 m - a potion of cancellation {unknown}
 s - a potion of resistance {unknown}


   Skills:
 + Level 3.6 Fighting
 + Level 2.5 Maces & Flails
 + Level 2.6 Throwing
 - Level 2.4 Dodging
 * Level 5.5 Unarmed Combat


You had 5 spell levels left.
You didn't know any spells.
Your spell library was empty.

Dungeon Overview and Level Annotations

Branches:
Dungeon (5/15)             Temple (1/1) D:4

Altars:
Ashenzari
Cheibriados
Dithmenos
Elyvilon
Fedhas
Gozag
Hepliaklqana
Kikubaaqudgha
Makhleb
Nemelex Xobeh
Okawaru
Ru
Trog
Uskayaw
Vehumet
Wu Jian
Xom
Yredelemnul
Zin
The Shining One

Shops:
D:1 [   D:2 [


Innate Abilities, Weirdness & Mutations

You are too large for most types of armour.
You have claws for hands.
Your natural rate of healing is unusually fast.
You are covered in fur. (AC +1)
You have tough skin. (AC +1)


Message History

You feel sick. The scorpion stings you!
You scratch the scorpion.
The scorpion is almost dead.
You feel sick.
You scratch the scorpion but do no damage.
The scorpion is almost dead.
You feel sick. The scorpion stings you.
You are more poisoned.
The scorpion poisons you!
You scratch the scorpion but do no damage.
The scorpion is almost dead.
You feel very sick. The scorpion stings you.
You are more poisoned.
The scorpion poisons you!
You mangle the scorpion!!
You kill the scorpion!
Trog accepts your kill.
You feel very sick.
You barely miss the worm.
You are no longer berserk.
You are exhausted.
You feel yourself slow down.
You feel very sick.
You scratch the worm but do no damage.
You feel very sick. The worm bites you!
* * * LOW HITPOINT WARNING * * *
You barely miss the worm.
You feel very sick. The worm barely misses you.
You feel very sick.
A two-headed ogre comes into view.
It is wielding a +0 giant club and a +0 giant spiked club.
Found a potion of heal wounds.
You feel very sick.
The two-headed ogre shouts in stereo!
Found a +0 dagger.
Found a stone staircase leading up.
You feel sick.
You feel sick.
The two-headed ogre hits you with a +0 giant club!
You die...

#.## ##....
......
......###
.......<#
...#..#.#
#####..#w#
.......#.###.#
#.....@.....#
#......O..###
+..............
##.........####
#.........#
#........!#
#......).<#
#.........#


You could see a two-headed ogre and a worm.

Vanquished Creatures
  Sigmund (D:3)
  A scorpion (D:5)
  A jelly (D:5)
  2 orc wizards
  3 adders
  5 gnolls
  A worm (D:2)
  3 dart slugs
  8 orcs
  15 bats
  An endoplasm (D:4)
  5 giant cockroaches
  7 hobgoblins
  5 quokkas
  12 ball pythons
  7 frilled lizards
  11 goblins
  4 kobolds
  5 rats
97 creatures vanquished.

Notes
Turn   | Place    | Note
-------+----------+-------------------------------------------
     0 | D:1      | YayAnonymity the Troll Berserker began the quest for the
                  | Orb.
     0 | D:1      | Reached XP level 1. HP: 22/22 MP: 0/0
   140 | D:1      | Found Kuvi's Antique Armour Shop.
   298 | D:1      | Reached XP level 2. HP: 29/29 MP: 1/1
   480 | D:1      | Reached XP level 3. HP: 34/36 MP: 2/2
   519 | D:1      | Reached ** piety under Trog
   591 | D:1      | Found a faded altar of an unknown god.
   822 | D:2      | Reached skill level 1 in Throwing
   827 | D:2      | Reached skill level 1 in Maces & Flails
   841 | D:2      | Reached XP level 4. HP: 31/44 MP: 3/3
   982 | D:2      | Reached skill level 4 in Unarmed Combat
  1033 | D:2      | Found Oxuiskat's Armour Shop.
  1574 | D:3      | Noticed Sigmund
  1579 | D:3      | Killed Sigmund
  1580 | D:3      | Reached XP level 5. HP: 53/53 MP: 4/4
  1580 | D:3      | Reached XP level 6. HP: 61/61 MP: 5/5
  1701 | D:3      | Reached *** piety under Trog
  1807 | D:3      | Reached skill level 5 in Unarmed Combat
  2394 | D:4      | Found a staircase to the Ecumenical Temple.
  2416 | Temple   | Entered the Ecumenical Temple
  2979 | D:5      | Entered Level 5 of the Dungeon
  3021 | D:5      | Noticed a two-headed ogre
  3023 | D:5      | Slain by a two-headed ogre

Illustrated notes

Levels and vault maps discovered:
D:1:      beargit_arrival_greenhouse, layout_basic,
          shapermc_ecumenical_altar_mp_highgroup, serial_shops,
          nicolae_shop_waterfront
D:2:      layout_loops_ring, serial_shops, shop, minmay_pentomino_q4
D:3:      layout_basic, grunt_decor_resistance, uniq_sigmund
D:4:      layout_basic, minmay_temple_entry_stoned_glass
D:5:      layout_loops_corners, kennysheep_diamond, chequers_jeans,
          hangedman_glass_teeth
Temple:   regret_index_temple_chain_breaker

Skill      XL: |  1  2  3  4  5  6 |
---------------+-------------------+-----
Throwing       | 1 2 |  2.6
Maces & Flails | 1 2 |  2.5
Unarmed Combat | 4 5 |  5.5
Fighting       | 3 |  3.6
Dodging        | |  2.4

Action                   |  1- 3 |  4- 6 || total
-------------------------+-------+-------++-------
Melee: Unarmed           |    90 |   191 ||   281
       Punch             |     2 |     4 ||     6
Throw: Boomerang         |       |     3 ||     3
Invok: Berserk           |     1 |     2 ||     3
  Use: Scroll            |       |     4 ||     4
Armor: Animal skin       |    37 |    58 ||    95
Dodge: Dodged            |    70 |    75 ||   145

Table legend: (Time is in decaauts)
 A = Elapsed time spent in this place.
 B = Non-inter-level travel time spent in this place.
 C = Inter-level travel time spent in this place.
 D = Time resting spent in this place.
 E = Time spent auto-exploring this place.
 F = Levels seen in this place.
 G = Mean time per level.
                   A        B        C        D        E       F      G
               +--------+--------+--------+--------+--------+-----+--------+
         Total |   3015 |   2873 |    142 |      4 |   2225 |   6 |  502.5 |
       Dungeon |   2880 |   2753 |    127 |      4 |   2125 |   5 |  576.0 |
        Temple |    134 |    119 |     15 |      0 |    100 |   1 |  134.0 |
               +--------+--------+--------+--------+--------+-----+--------+

Top non-repeatable levels by time:
     D:3: 798 daAuts
     D:1: 716 daAuts
     D:2: 704 daAuts
     D:4: 624 daAuts
  Temple: 134 daAuts
     D:5: 36 daAuts
